 Dungeon Crawl Stone Soup version 0.23.2-40-g277498a001 (webtiles) character file.

Game seed: 1000833208671701471

38 MalarOregon the Firebug (level 3, -6/28 HPs)
             Began as a Draconian Fire Elementalist on Sept 18, 2019.
             Mangled by an ogre
             ... wielding a +0 giant club
              (18 damage)
             ... on level 2 of the Dungeon.
             The game lasted 00:01:31 (1297 turns).

MalarOregon the Firebug (DrFE)                      Turns: 1297, Time: 00:01:32

Health: -6/28      AC:  5    Str: 10    XL:     3   Next: 25%
Magic:  6/6        EV: 12    Int: 15    God:
Gold:   97         SH:  0    Dex: 12    Spells: 5/6 levels left

rFire    . . .     SeeInvis .   c - +1 dagger (drain)
rCold    . . .     Gourm    .   (no shield)
rNeg     . . .     Faith    .   (armour unavailable)
rPois    .         Spirit   .   (helmet restricted)
rElec    .         Reflect  .   (no cloak)
rCorr    .         Harm     .   (no gloves)
MR       .....                  (no boots)
Stlth    ++........             (no amulet)
HPRegen  0.09/turn              (no ring)
MPRegen  0.10/turn              (no ring)

@: lightly drained
A: unfitting armour, cold-blooded, AC +5
a: no special abilities


You were on level 2 of the Dungeon.
You were not hungry.

You visited 1 branch of the dungeon, and saw 2 of its levels.

You collected 97 gold pieces.

Inventory:

Hand Weapons
 c - a +1 dagger of draining (weapon)
   (You took it off a goblin on level 1 of the Dungeon)
Scrolls
 b - a scroll of enchant weapon {unknown}
 f - a scroll of teleportation {unknown}
 h - 2 scrolls of identify {unknown}
 j - a scroll of remove curse {unknown}
Potions
 a - 2 potions of brilliance {unknown}
 d - 2 potions of agility {unknown}
 g - a potion of berserk rage {unknown}
Comestibles
 e - 3 rations {!d}
 i - 3 chunks of flesh


   Skills:
 * Level 1.5(1.2) Fighting
 * Level 1.2(0.9) Short Blades
 + Level 2.0(1.7) Dodging
 - Level 2.0(1.7) Stealth
 - Level 2.0(1.7) Spellcasting
 + Level 1.4(1.1) Conjurations
 - Level 3.0(2.7) Fire Magic


You had 5 spell levels left.
You knew the following spells:

 Your Spells              Type           Power        Failure   Level  Hunger
a - Flame Tongue          Conj/Fire      #....        11%         1    ##.....

Your spell library contained the following spells:

 Spells                   Type           Power        Failure   Level  Hunger
 Throw Flame              Conj/Fire      #.....       16%         2    ###....
 Conjure Flame            Conj/Fire      #.......     30%         3    ####...
 Inner Flame              Hex/Fire       #.......     36%         3    ####...
 Sticky Flame             Conj/Fire      #.......     71%         4    #####..
 Fireball                 Conj/Fire      #.........   96%         5    ######.


Dungeon Overview and Level Annotations

Branches:
Dungeon (2/15)

Altars:


Innate Abilities, Weirdness & Mutations

Your plain brown scales are hard. (AC +5)
You cannot fit into any form of body armour.
You are cold-blooded and may be slowed by cold attacks.


Message History

A jackal is nearby!
The jackal bites you but does no damage. x2
You hit the jackal but do no damage. The jackal barely misses you.
You hit the jackal.
The jackal bites you but does no damage.
You miss the jackal. The jackal misses you.
The jackal bites you but does no damage.
You closely miss the jackal. The jackal closely misses you.
You hit the jackal.
You kill the jackal!
No target in view!
No target in view!
No target in view!
No target in view!
No target in view!
No target in view!
No target in view!
No target in view!
No target in view!
No target in view!
No target in view!
Found a scroll labeled DOUSSE YXZUAH.
j - a scroll labeled DOUSSE YXZUAH You open the door.
Found a gold piece.
Found a stone staircase leading down.
There is an open door here.
You now have 97 gold pieces (gained 1).
You open the door.
There is an open door here.
A jackal comes into view.
A jackal is nearby!
A jackal is nearby!
An ogre comes into view. It is wielding a +0 giant club.
The jackal barks!
The ogre shouts!
You hit the jackal. The jackal misses you.
You completely miss the jackal. The jackal bites you.
You hit the jackal. You drain the jackal.
You kill the jackal!
The ogre misses you.
You hit the ogre. You drain the ogre. The ogre hits you with a +0 giant club!
Ouch! That really hurt!
* * * LOW HITPOINT WARNING * * *
Unknown command.
There is an open door here.
There is an open door here.
You hit the ogre.
The ogre hits you with a +0 giant club!!
Ouch! That really hurt!
You die...

#....#######.# ##### #.##.#
#.########...# #.##.#
#.#........#.# #.##.#
#...######...# #.##.# #...#
###.###### #....# #..##
#......... ####.#######.##
#......##. #...(.....#
#.#.##.##. #.#######@#
#.#รท##.##. #.# ##O##
#.#....##. ##.# ##...##
#.###..##. ##..# ##.....##
#.###..##. ##..## ##.......##
#......##.
##...####.........###.........
#.......+.........'...........
##...####>........####...#####
#...# ##.......## ##.##


You could see an ogre.

Vanquished Creatures
  An adder (D:2)
  A dart slug (D:1)
  A leopard gecko (D:2)
  A giant cockroach (D:1)
  5 goblins
  3 hobgoblins
  2 jackals (D:2)
  2 kobolds (D:2)
  5 bats (D:1)
  A rat (D:1)
22 creatures vanquished.

Notes
Turn   | Place    | Note
-------+----------+-------------------------------------------
     0 | D:1      | MalarOregon the Draconian Fire Elementalist began the quest
                  | for the Orb.
     0 | D:1      | Reached XP level 1. HP: 14/14 MP: 3/3
   214 | D:1      | Reached XP level 2. HP: 20/22 MP: 5/5
   388 | D:1      | Reached skill level 1 in Fighting
   961 | D:2      | Reached skill level 1 in Short Blades
   961 | D:2      | Reached XP level 3. HP: 24/28 MP: 6/6
  1269 | D:2      | Noticed an ogre
  1297 | D:2      | Mangled by an ogre

Skill      XL: |  1  2 |
---------------+-------+-----
Fighting       | 1 |  1.5
Short Blades   | 1 |  1.2
Dodging        | 2 |  2.0
Stealth        | 2 |  2.0
Spellcasting   | |  2.0
Conjurations   | |  1.4
Fire Magic     | |  3.0

Action                   || total
-------------------------++-------
Melee: Dagger            ||    60
       Unarmed           ||     5
       Tailslap          ||     7
 Cast: Flame Tongue      ||     1
 Stab: Sleeping          ||     1
  Eat: Chunk             ||     1
Armor: Skin              ||    16
Dodge: Dodged            ||    39
